 Dungeon Crawl Stone Soup version 0.21.1-1-g345015f (webtiles) character file.

10633 teukkam the Blocker (level 11, -1/105 HPs)
             Began as a Troll Monk on July 3, 2018.
             Slain by a two-headed ogre
             ... wielding a +0 giant spiked club
              (17 damage)
             ... on level 11 of the Dungeon.
             The game lasted 01:03:28 (10266 turns).

teukkam the Blocker (Troll Monk)                   Turns: 10266, Time: 01:03:29

Health: -1/105     AC:  6    Str: 25    XL:     11   Next: 38%
Magic:  18/19      EV: 10    Int:  7    God:
Gold:   268        SH: 11    Dex: 12    Spells: 9/10 levels left

rFire    + . .     SeeInvis .     - Unarmed
rCold    + . .     Gourm    +   V - +0 shield {rC+}
rNeg     . . .     Faith    .   P - +1 robe {rF+}
rPois    +         Spirit   .   (helmet restricted)
rElec    .         Reflect  .   M - scarf {rPois}
rCorr    .         Harm     .   (gloves unavailable)
MR       .....                  (boots unavailable)
Stlth    +.........             (no amulet)
HPRegen  0.67/turn              w - ring of wizardry
MPRegen  0.16/turn              D - ring of magical power

@: confusing touch, drained
A: large, unfitting armour, claws 3, horns 1, blink, fast metabolism 3,
gourmand, regeneration 1, shaggy fur 1, strong 1, tough skin 2
a: Blink


You were on level 11 of the Dungeon.
You were not hungry.

You visited 1 branch of the dungeon, and saw 11 of its levels.
You also visited: Sewer and Ossuary.

You collected 583 gold pieces.
You spent 315 gold pieces at shops.

Inventory:

Hand Weapons
 b - a +1 blowgun
 l - a +2 dagger of pain
 p - a +3 short sword
 u - a +0 scimitar of flaming
 J - a +2 dagger of venom
 Y - the +5 dagger "Seuphoo" {elec, *Noise rElec Str+4}
   (You bought it in a shop on level 9 of the Dungeon)

   Occasionally, upon striking a foe, it will discharge some electrical energy
   and cause terrible harm.
   It affects your strength (+4).
   It insulates you from electricity.
   It may make noises in combat.
Missiles
 i - 24 poisoned needles
 C - 6 needles of sleeping
 I - 6 tomahawks (quivered)
 L - 7 needles of frenzy
Armour
 a - a +1 robe
 j - +0 acid dragon scales
 M - a scarf of poison resistance (worn)
 P - a +1 robe of fire resistance (worn)
 V - a +0 shield of cold resistance (worn)
Magical Staves
 v - an uncursed staff of conjuration
Jewellery
 w - a ring of wizardry (left claw)
 B - an uncursed ring of see invisible
 D - a ring of magical power (right claw)
 N - a +2 ring of dexterity
 O - an uncursed ring of flight
Wands
 n - a wand of enslavement (13)
 Q - a wand of iceblast (5)
 W - a wand of acid (8)
 X - a wand of polymorph (12)
Scrolls
 e - a scroll of summoning
 f - 3 scrolls of enchant armour
 g - 3 scrolls of fear
 h - 10 scrolls of identify
 o - 5 scrolls of remove curse
 t - 2 scrolls of blinking
 x - a scroll of teleportation
 y - 4 scrolls of magic mapping
 H - a scroll of enchant weapon
 T - a scroll of immolation {unknown}
 U - 2 scrolls of amnesia
Potions
 c - 2 potions of agility
 k - a potion of curing
 m - 3 potions of magic
 A - 2 potions of ambrosia
 E - a potion of flight
 S - 2 potions of lignification
 Z - a potion of haste
Books
 r - a book of Geomancy

   Spells                             Type                      Level
   a - Sandblast                      Earth                        1
   b - Passwall                       Transmutation/Earth          2
   c - Stone Arrow                    Conjuration/Earth            3
   d - Petrify                        Transmutation/Earth          4
   e - Lee's Rapid Deconstruction     Earth                        5
 s - a book of Misfortune

   Spells                             Type                      Level
   a - Confusing Touch                Hexes                        1
   b - Confuse                        Hexes                        3
   c - Gell's Gravitas                Translocation                3
   d - Petrify                        Transmutation/Earth          4
   e - Metabolic Englaciation         Hexes/Ice                    5
   f - Yara's Violent Unravelling     Hexes/Transmutation          5
 z - a book of Battle

   Spells                             Type                      Level
   a - Infusion                       Charms                       1
   b - Shroud of Golubria             Charms/Translocation         2
   c - Song of Slaying                Charms                       2
   d - Spectral Weapon                Hexes/Charms                 3
   e - Regeneration                   Charms/Necromancy            3
Comestibles
 d - 15 rations


   Skills:
 - Level 6.3(5.9) Fighting
 - Level 2.4(2.0) Dodging
 - Level 1.0(0.7) Stealth
 + Level 8.8(8.3) Shields
 - Level 8.4(8.0) Unarmed Combat
 - Level 7.4(7.0) Hexes


You had 9 spell levels left.
You knew the following spells:

 Your Spells              Type           Power        Failure   Level  Hunger
a - Confusing Touch       Hex            #.....       1%          1    ##.....


Dungeon Overview and Level Annotations

Branches:
Dungeon (11/15)            Temple (0/1) D:6            Lair (0/6) D:11
    Orc: D:9-12

Altars:
Cheibriados
Gozag
Nemelex Xobeh
Okawaru
Trog
Uskayaw
Xom
Yredelemnul

Shops:
D:4 *   D:9 (   D:10 [

Annotations:
D:11 exclusion: 2 oklob plants


Innate Abilities, Weirdness & Mutations

You are too large for most types of armour.
You have claws for hands.
Your metabolism is lightning-fast.
You like to eat raw meat.
Your natural rate of healing is unusually fast.
You are covered in fur. (AC +1)
You have very tough skin. (AC +2)
You have a pair of small horns on your head.
You can translocate small distances at will.
Your muscles are strong. (Str +2)


Message History

The two-headed ogre closely misses you. You block the two-headed ogre's attack.
You claw the two-headed ogre!
Your headbutt misses the two-headed ogre.
The two-headed ogre is moderately wounded.
You claw the two-headed ogre! You headbutt the two-headed ogre!
The two-headed ogre is severely wounded.
The two-headed ogre barely misses you.
The two-headed ogre completely misses you.
You barely miss the two-headed ogre.
The two-headed ogre is severely wounded.
You block the two-headed ogre's attack.
The two-headed ogre hits you with a giant club!
* * * LOW HITPOINT WARNING * * *
You scratch the two-headed ogre. You headbutt the two-headed ogre.
The two-headed ogre is severely wounded.
Casting: Confusing Touch
Confirm with . or Enter, or press ? or * to list all spells.
Your claws begin to glow red.
The two-headed ogre hits you with a giant spiked club!
You die...

#...........#####.'...#.....# #
.....s......#...#.#####.....# #
............#...#...........# #
............#...#...........# #
.........(..#..........(....#####
..<....................(.........
#####.......###†.(.....(....#####
....#....#..)≈..O#..........#
....#...#..#...#@.#.........#
....#..##.##.P.##†#.......###
....#..##..PPPP...#.......#
#####..##≈..P>PP.≈#.......#
.......##...PPP...#.......#
#......+#.##P..##.#........
#......##..#...#..#....... ..###
#......#[#...≈...#. .....
#...........###.... .....


You could see a two-headed ogre.

Vanquished Creatures
  Erica (D:10)
  2 two-headed ogres
  The ghost of Terandir the Cleaver, a novice MiFi of Cheibriados (D:8)
  The ghost of RottenKnight the Chopper, a novice DrCj (D:6)
  An oklob plant (D:11)
  A gargoyle (D:11)
  A troll (D:10)
  3 hippogriffs
  The ghost of emiel the Cudgeler, an amateur OgFi (D:4)
  A wyvern (D:9)
  3 yaks (D:11)
  A human (D:7)
  4 hogs (D:7)
  3 water moccasins
  An ice beast (D:5)
  2 sky beasts
  3 orc warriors
  A necrophage (D:10)
  3 ogres
  2 phantoms
  2 centaurs
  An elf zombie (Ossuary)
  Blork the orc (D:5)
  3 big kobolds
  2 bullfrogs (D:11)
  3 scorpions (D:5)
  11 killer bees
  5 wights (D:10)
  3 howler monkeys
  2 crimson imps (D:9)
  A quasit (D:10)
  A centaur zombie (Ossuary)
  A bullfrog zombie (D:10)
  5 hounds
  5 jellies
  3 bullfrog skeletons
  8 orc wizards
  An orc priest (D:3)
  3 human zombies (Ossuary)
  2 iguanas
  9 worker ants
  2 hound zombies
  2 hound skeletons (D:4)
  3 mummies (Ossuary)
  10 gnolls
  13 adders
  5 river rats
  2 shadow imps
  3 adder skeletons
  An adder zombie (Ossuary)
  3 worms (D:2)
  A dart slug (D:1)
  7 leopard geckos
  39 orcs
  A bat (D:3)
  8 giant cockroaches
  2 gnoll zombies (Ossuary)
  5 goblins
  4 hobgoblins
  3 jackals (D:7)
  20 kobolds
  6 quokkas
  4 ball pythons
  11 frilled lizards
  5 goblin zombies (Ossuary)
  4 hobgoblin zombies (Ossuary)
  3 jackal zombies (Ossuary)
  4 kobold zombies (Ossuary)
  An orc zombie (Ossuary)
  A quokka zombie (Ossuary)
  14 rats
  6 rat zombies (Ossuary)
301 creatures vanquished.

Vanquished Creatures (collateral kills)
  A vampire (D:11)
  An acid dragon (D:11)
  A worker ant (D:11)
3 creatures vanquished.

Vanquished Creatures (others)
  A deep elf mage (D:11)
  A killer bee (D:11)
2 creatures vanquished.

Grand Total: 306 creatures vanquished

Notes
Turn   | Place    | Note
-------+----------+-------------------------------------------
     0 | D:1      | teukkam the Troll Monk began the quest for the Orb.
     0 | D:1      | Reached XP level 1. HP: 22/22 MP: 0/0
   152 | D:3      | Reached XP level 2. HP: 29/29 MP: 1/1
   186 | D:3      | Reached XP level 3. HP: 37/37 MP: 2/2
   392 | D:4      | Found a snail-covered altar of Cheibriados.
   430 | D:4      | Reached XP level 4. HP: 40/45 MP: 3/3
   493 | D:4      | Reached XP level 5. HP: 44/54 MP: 4/4
   575 | D:5      | Entered Level 5 of the Dungeon
   609 | D:5      | Reached skill level 5 in Unarmed Combat
   619 | D:5      | Reached XP level 6. HP: 37/63 MP: 5/5
   655 | D:5      | Found a sand-covered staircase.
   661 | Ossuary  | Entered an ossuary
   895 | Ossuary  | Reached skill level 5 in Fighting
   895 | Ossuary  | Reached XP level 7. HP: 57/72 MP: 6/6
  1343 | D:6      | Found a staircase to the Ecumenical Temple.
  1426 | D:6      | Found a glowing drain.
  1430 | Sewer    | Entered a sewer
  1865 | D:7      | Noticed a two-headed ogre
  1961 | D:8      | Reached XP level 8. HP: 74/83 MP: 7/7
  2083 | D:8      | Learned a level 1 spell: Confusing Touch
  2150 | D:8      | Noticed Terandir's ghost (novice MiFi)
  2200 | D:8      | Gained mutation: You are resistant to hostile enchantments. (MR+) [potion of mutation]
  2200 | D:8      | Gained mutation: You have large cloven feet. [potion of mutation]
  2200 | D:8      | Gained mutation: Your spells are a little easier to cast, but a little less powerful. [potion of mutation]
  2200 | D:8      | Lost mutation: Your spells are a little easier to cast, but a little less powerful. [potion of mutation]
  2226 | D:8      | Killed Terandir's ghost
  2495 | D:10     | Entered Level 10 of the Dungeon
  2510 | D:10     | Reached XP level 9. HP: 64/89 MP: 6/8
  2751 | D:10     | Reached skill level 5 in Hexes
  2780 | D:10     | Noticed Erica
  2792 | D:10     | Killed Erica
  2891 | D:10     | Found Oremped's Antique Armour Emporium.
  3182 | D:11     | Noticed an oklob plant
  3187 | D:11     | Noticed a gargoyle
  3210 | D:11     | Killed a gargoyle
  3346 | D:11     | Noticed an oklob plant
  3346 | D:11     | Noticed an oklob plant
  3362 | D:11     | Reached XP level 10. HP: 71/97 MP: 9/9
  3732 | D:11     | Noticed a two-headed ogre
  3882 | D:11     | Found a staircase to the Lair.
  4044 | D:11     | Reached skill level 1 in Shields
  4922 | D:4      | Noticed emiel's ghost (amateur OgFi)
  4928 | D:4      | Killed emiel's ghost
  4949 | D:3      | Found a shimmering altar of Xom.
  5104 | D:3      | Found a sparkling altar of Nemelex Xobeh.
  5106 | D:3      | Found an iron altar of Okawaru.
  5108 | D:3      | Found a basalt altar of Yredelemnul.
  5108 | D:3      | Found a bloodstained altar of Trog.
  5861 | D:2      | Found an opulent altar of Gozag.
  6385 | D:4      | Found Daoff's Serpentskin Sales.
  6428 | D:4      | Bought a scarf of poison resistance for 126 gold pieces
  6832 | D:5      | Reached skill level 5 in Shields
  6937 | D:5      | Noticed Blork the orc
  6942 | D:5      | Killed Blork the orc
  7541 | D:6      | Noticed RottenKnight's ghost (novice DrCj)
  7557 | D:6      | Killed RottenKnight's ghost
  7902 | D:7      | Killed a two-headed ogre
  8254 | D:7      | Reached XP level 11. HP: 105/105 MP: 10/10
  8264 | D:7      | Lost mutation: You have large cloven feet. [potion of mutation]
  8264 | D:7      | Lost mutation: You are resistant to hostile enchantments. (MR+) [potion of mutation]
  8264 | D:7      | Gained mutation: You can translocate small distances at will. [potion of mutation]
  8264 | D:7      | Gained mutation: You have a pair of small horns on your head. [potion of mutation]
  8264 | D:7      | Gained mutation: Your muscles are strong. (Str +2) [potion of mutation]
  8877 | D:9      | Noticed a two-headed ogre
  8893 | D:9      | Killed a two-headed ogre
  9001 | D:9      | Found a hide-covered altar of Uskayaw.
  9004 | D:9      | Noticed a dagger
  9004 | D:9      | Noticed a hand axe
  9384 | D:9      | Found Suxaek's Antique Weapon Shop.
  9387 | D:9      | Bought a bloodstained dagger for 189 gold pieces
  9387 | D:9      | Identified the +5 dagger "Seuphoo" {elec, *Noise rElec Str+4} (You bought it in a shop on level 9 of the Dungeon)
  9841 | D:11     | Noticed a deep elf mage
 10081 | D:11     | Killed an oklob plant
 10266 | D:11     | Slain by a two-headed ogre

Skill      XL: |  1  2  3  4  5  6  7  8  9 10 11 |
---------------+----------------------------------+-----
Fighting       | 3 4 5 6 |  6.3
Unarmed Combat | 4 5 6 7 8 |  8.4
Hexes          | 4 7 |  7.4
Shields        | 6 8 |  8.8
Dodging        | |  2.4
Stealth        | |  1.0

Action                   |  1- 3 |  4- 6 |  7- 9 | 10-12 || total
-------------------------+-------+-------+-------+-------++-------
Melee: Unarmed           |    53 |   132 |   338 |   529 ||  1052
       Punch             |     1 |     5 |    16 |       ||    22
       Kick              |       |       |    58 |   123 ||   181
       Headbutt          |       |       |       |    39 ||    39
 Fire: Blowgun           |       |       |       |     9 ||     9
Throw: Tomahawk          |       |       |       |    18 ||    18
 Cast: Confusing Touch   |       |       |    19 |    87 ||   106
Evoke: Wand              |       |       |       |     2 ||     2
  Use: Scroll            |       |     5 |     2 |    11 ||    18
       Potion            |       |       |     6 |    17 ||    23
 Stab: Sleeping          |       |       |     5 |       ||     5
       Confused          |       |       |    14 |    20 ||    34
       Invisible         |       |       |       |     2 ||     2
  Eat: Chunk             |     6 |     7 |    18 |    47 ||    78
       Ration            |       |       |       |     6 ||     6
Armor: Robe              |    12 |    40 |    73 |    61 ||   186
       Acid dragon scale |       |       |       |    32 ||    32
       Skin              |       |       |       |    11 ||    11
Dodge: Dodged            |    23 |    71 |   111 |   116 ||   321
Block: Large shield      |       |       |       |   216 ||   216
       Shield            |       |       |       |    68 ||    68
